 Dungeon Crawl Stone Soup version 0.29.1-1-gd02db6906a (webtiles) character file.

Game seed: 3983916103043298365

2660 LabCoat the Trooper (level 9, -2/79 HPs)
             Began as a Minotaur Fighter on Oct 16, 2022.
             Was an Initiate of Okawaru.
             Slain by a two-headed ogre
             ... wielding a +0 giant club
              (17 damage)
             ... on level 8 of the Dungeon.
             The game lasted 00:27:15 (8177 turns).

LabCoat the Trooper (Minotaur Fighter)              Turns: 8177, Time: 00:27:15

Health: -2/79      AC: 14    Str: 25    XL:     9   Next: 36%
Magic:  11/11      EV:  9    Int:  5    God:    Okawaru [......]
Gold:   577        SH:  5    Dex: 10    Spells: 8/8 levels left

rFire   . . .      SeeInvis .   a - +1 flail (vorpal)
rCold   + . .      Faith    .   c - +0 buckler
rNeg    . . .      Spirit   .   t - +0 chain mail
rPois   .          Reflect  .   f - +2 hat
rElec   .          Harm     .   n - +0 cloak
rCorr   .          Rampage  .   q - +0 pair of gloves
Will    .....                   (no boots)
Stlth   ..........              (no amulet)
HPRegen 0.23/turn               g - ring of protection from cold
MPRegen 0.12/turn               (no ring)

@: no status effects
A: horns 2, retaliatory headbutt
a: Renounce Religion


You were on level 8 of the Dungeon.
You worshipped Okawaru.
Okawaru was noncommittal.
You visited 2 branches of the dungeon, and saw 9 of its levels.

You collected 619 gold pieces.
You spent 42 gold pieces at shops.

Inventory:

Hand Weapons
 a - a +1 vorpal flail (weapon)
 b - a +0 hand crossbow
Missiles
 h - 25 poisoned darts (quivered)
 k - 2 throwing nets
 l - 5 silver javelins
 y - a javelin
 E - a curare-tipped dart
Armour
 c - a +0 buckler (worn)
 f - a +2 hat (worn)
 i - a +0 plate armour
 n - a +0 cloak (worn)
 q - a +0 pair of gloves (worn)
 t - a +0 chain mail (worn)
Jewellery
 g - a ring of protection from cold (left hand)
 p - an amulet of guardian spirit
 C - a ring of poison resistance
Wands
 B - a wand of digging (5)
Scrolls
 r - 2 scrolls of amnesia
 s - 2 scrolls of enchant weapon
 v - a scroll of fear
 x - a scroll of teleportation
Potions
 d - 6 potions of lignification
 e - 3 potions of mutation
 j - 5 potions of invisibility
 m - a potion of curing
 o - 2 potions of berserk rage
 u - 2 potions of heal wounds
 w - a potion of haste {unknown}
 z - 3 potions of might
 A - a potion of magic {unknown}
 D - a potion of attraction


   Skills:
 * Level 7.3 Fighting
 + Level 6.1 Maces & Flails
 + Level 0.1 Ranged Weapons
 + Level 3.4 Throwing
 + Level 5.6 Armour
 * Level 4.4 Dodging
 + Level 5.7 Shields
 + Level 2.3 Transmutations
 * Level 5.2 Invocations
 + Level 3.1 Evocations


You had 8 spell levels left.
You didn't know any spells.
Your spell library contained the following spells:

 Spells                   Type           Power      Damage    Failure   Level
 Beastly Appendage        Tmut           4%         N/A       86%         1
 Wereblood                Tmut           2%         N/A       94%         2
 Apportation              Tloc           0%         N/A       99%         1
 Necrotise                Necr           0%         1d4       99%         1
 Dazzling Flash           Conj/Hex       0%         N/A       100%        3
 Spider Form              Tmut/Pois      1%         N/A       100%        3
 Agony                    Necr           0%         N/A       100%        5
 Silence                  Hex/Air        0%         N/A       100%        5
 Summon Small Mammal      Summ           Unusable   N/A       N/A         1

Dungeon Overview and Level Annotations

Branches:
Dungeon (8/15)             Temple (1/1) D:7
   Lair: D:8-11

Altars:
Ashenzari
Cheibriados
Dithmenos
Elyvilon
Fedhas
Hepliaklqana
Kikubaaqudgha
Makhleb
Nemelex Xobeh
Okawaru
Qazlal
Ru
Sif Muna
Trog
Vehumet
Xom
Yredelemnul
Zin
The Shining One

Shops:
D:1 !   D:7 (   D:8 *


Innate Abilities, Weirdness & Mutations

You have a pair of horns on your head.
You reflexively headbutt those who attack you in melee.


Message History

The bullfrog croaks.
Fire: b) +0 hand crossbow
Press: ? - help, Q - select action, (/) - cycle Shift-Dir - straight line, f/p - bullfrog
Aim: a bullfrog (53% to hit)
You shoot a bolt. The bolt hits the bullfrog.
The bullfrog is moderately wounded.
A two-headed ogre comes into view. It is wielding two +0 giant clubs.
a - a +1 vorpal flail (weapon)
The two-headed ogre shouts in stereo!
You block the bullfrog's attack.
You hit the bullfrog.
You headbutt the bullfrog, but do no damage.
The bullfrog is heavily wounded.
The bullfrog hits you. x2
You hit the bullfrog but do no damage. You headbutt the bullfrog!
You kill the bullfrog!
Okawaru accepts your kill.
Okay, then.
b - a +0 hand crossbow (weapon)
Fire: b) +0 hand crossbow
Press: ? - help, Q - select action, (/) - cycle Shift-Dir - straight line, f - two-headed ogre
Aim: a two-headed ogre, wielding two +0 giant clubs (75% to hit)
You shoot a bolt. The bolt hits the two-headed ogre!
The two-headed ogre is lightly wounded.
a - a +1 vorpal flail (weapon)
You sock the two-headed ogre!
The two-headed ogre is heavily wounded.
The two-headed ogre barely misses you. The two-headed ogre closely misses you.
You closely miss the two-headed ogre.
The two-headed ogre is heavily wounded.
You barely miss the two-headed ogre.
The two-headed ogre is heavily wounded.
The two-headed ogre completely misses you.
The two-headed ogre hits you with a +0 giant club!!
You barely miss the two-headed ogre.
The two-headed ogre is heavily wounded.
The two-headed ogre hits you with a +0 giant club!!
* * * LOW HITPOINT WARNING * * *
The two-headed ogre hits you with a +0 giant club!
You die...

#.....######
.## #[..###
...8 #<.##
....## #...##
.<.... #....#
......##.#..#
...∩...8...##
......O.#.##
.....>.@###
..#.....#
#8.^..#
#######


You could see a two-headed ogre.

Vanquished Creatures
  A two-headed ogre (D:7)
  A steam dragon (D:7)
  Menkaure (D:7)
  A water moccasin (D:5)
  An orc warrior (D:7)
  2 sky beasts (D:7)
  An ice beast (D:4)
  2 ogres
  A phantom (D:6)
  A kobold brigand (D:7)
  2 scorpions (D:5)
  2 bullfrogs
  A necrophage (D:5)
  2 jellies
  5 hounds
  2 orc priests (D:5)
  An iguana (D:4)
  4 orc wizards
  A mummy (D:3)
  5 gnolls
  10 adders
  2 shadow imps
  A white imp (D:4)
  4 worms
  2 dart slugs
  22 orcs
  8 endoplasms
  4 giant cockroaches
  13 goblins
  8 hobgoblins
  14 kobolds
  9 quokkas
  3 training dummies (D:7)
  11 ball pythons
  4 bats
  3 frilled lizards
  7 rats
162 creatures vanquished.

Vanquished Creatures (others)
  A wizard (D:7)
1 creature vanquished.

Grand Total: 163 creatures vanquished

Notes
Turn   | Place    | Note
-------+----------+-------------------------------------------
     0 | D:1      | LabCoat the Minotaur Fighter began the quest for the Orb.
     0 | D:1      | Reached XP level 1. HP: 19/19 MP: 0/0
    10 | D:1      | Found Apadulom's Distillery.
   272 | D:1      | Reached XP level 2. HP: 18/27 MP: 1/1
   489 | D:1      | Reached skill level 4 in Fighting
   785 | D:1      | Reached skill level 1 in Invocations
   910 | D:2      | Found a faded altar of an unknown god.
   960 | D:2      | Reached XP level 3. HP: 29/33 MP: 2/2
  1673 | D:2      | Reached skill level 1 in Dodging
  1752 | D:2      | Reached XP level 4. HP: 40/40 MP: 4/4
  2056 | D:2      | HP: 2/41 [gnoll/+0 club (4)]
  2060 | D:2      | Reached skill level 1 in Throwing
  2609 | D:3      | Reached XP level 5. HP: 41/47 MP: 5/5
  2722 | D:3      | Found a snail-covered altar of Cheibriados.
  2838 | D:3      | Reached skill level 1 in Evocations
  3359 | D:3      | Reached XP level 6. HP: 45/55 MP: 6/6
  3721 | D:4      | Reached skill level 5 in Fighting
  4203 | D:4      | Noticed an ice beast
  4216 | D:4      | Killed an ice beast
  4569 | D:5      | Entered Level 5 of the Dungeon
  4640 | D:5      | Reached XP level 7. HP: 61/61 MP: 8/8
  5098 | D:5      | Reached skill level 1 in Transmutations
  5407 | D:5      | Reached skill level 5 in Maces & Flails
  5524 | D:5      | Reached skill level 6 in Fighting
  5524 | D:5      | Reached XP level 8. HP: 70/70 MP: 9/9
  6250 | D:6      | Found a sacrificial altar of Ru.
  6739 | D:7      | Reached skill level 5 in Shields
  6956 | D:7      | Noticed a two-headed ogre
  6963 | D:7      | Killed a two-headed ogre
  6964 | D:7      | Reached skill level 5 in Armour
  7065 | D:7      | Found a staircase to the Ecumenical Temple.
  7074 | Temple   | Entered the Ecumenical Temple
  7177 | D:7      | Reached XP level 9. HP: 78/78 MP: 11/11
  7342 | D:7      | Reached skill level 7 in Fighting
  7626 | D:7      | Reached skill level 5 in Invocations
  7721 | D:7      | Found a bloodstained altar of Trog.
  7722 | D:7      | Noticed a wizard
  7728 | D:7      | Killed a wizard
  7731 | D:7      | Noticed Menkaure
  7737 | D:7      | Killed Menkaure
  7826 | D:7      | Found a basalt altar of Yredelemnul.
  7826 | D:7      | Found an iron altar of Okawaru.
  7831 | D:7      | Became a worshipper of Warmaster Okawaru
  7877 | D:7      | Found Helum's Firing Range.
  7898 | D:7      | Bought a +0 hand crossbow for 42 gold pieces
  8161 | D:8      | Found Git Inakeh's Assorted Antiques.
  8167 | D:8      | Noticed a two-headed ogre
  8177 | D:8      | Slain by a two-headed ogre

Illustrated notes

Levels and vault maps discovered:
D:1:      evilmike_arrival_plus, layout_rooms, serial_shops, shop,
          minmay_tripent
D:2:      layout_loops_corners, shapermc_ecumenical_altar_starsandcircs,
          minmay_fountain_box, minmay_misc_feat_hallway,
          chequers_serial_rivers_micro_d, minmay_goblin_outpost
D:3:      minmay_diamond_boxcup, layout_loops_ring, slow_altar_2,
          minmay_joined_circles
D:4:      layout_loops_ring, kennysheep_generic_room_4
D:5:      layout_basic, hellmonk_bongcloud_opening, grunt_ministairs_8
D:6:      layout_loops_cross, pf_just_have_faith, chequers_avenue,
          chequers_decorated_corner
D:7:      layout_gridville, trog_wizard, gammafunk_temple_overflow_statue,
          minmay_temple_entry_antechambers, nicolae_shop_firing_range,
          uniq_menkaure
D:8:      layout_layer_cave, grunt_temple_overflow_open, serial_shops,
          nicolae_stop_n_shop_1, uniq_grum
Temple:   nicolae_temple_great_sept

Skill      XL: |  1  2  3  4  5  6  7  8  9 |
---------------+----------------------------+-----
Fighting       | 4 5 6 7 |  7.3
Invocations    | 1 2 3 4 5 |  5.2
Maces & Flails | 3 4 5 6 |  6.1
Dodging        | 1 2 3 4 |  4.4
Shields        | 4 5 |  5.7
Throwing       | 1 2 3 |  3.4
Evocations     | 1 2 3 |  3.1
Armour         | 4 5 |  5.6
Transmutations | 1 2 |  2.3
Ranged Weapons | |  0.1

Action                   |  1- 3 |  4- 6 |  7- 9 || total
-------------------------+-------+-------+-------++-------
Melee: Flail             |    76 |   178 |   155 ||   409
       Headbutt          |     7 |    24 |    26 ||    57
 Fire: Hand crossbow     |       |       |    11 ||    11
Throw: Dart              |     5 |    22 |    45 ||    72
       Javelin           |       |       |    13 ||    13
  Use: Scroll            |     9 |     7 |     6 ||    22
       Potion            |       |     1 |     2 ||     3
Armor: Scale mail        |    42 |    73 |       ||   115
       Chain mail        |       |    26 |    91 ||   117
Dodge: Dodged            |    36 |    80 |    67 ||   183
Block: Buckler           |    16 |    39 |    27 ||    82
